 Dungeon Crawl Stone Soup version 0.21.1-1-g345015f (webtiles) character file.

5902 Folque the Destroyer (level 10, -2/63 HPs)
             Began as an Octopode Wizard on Mar 21, 2018.
             Was a Believer of Vehumet.
             Slain by a wraith (11 damage)
             ... on level 11 of the Dungeon on Mar 23, 2018.
             The game lasted 01:22:49 (11167 turns).

Folque the Destroyer (Octopode Wizard)             Turns: 11167, Time: 01:22:50

Health: -2/63      AC:  3    Str:  6    XL:     10   Next: 82%
Magic:  19/22      EV: 16    Int: 28    God:    Vehumet [**....]
Gold:   396        SH:  0    Dex: 13    Spells: 8/25 levels left

rFire    . . .     SeeInvis .   J - +5 quarterstaff (chaos)
rCold    + . .     Gourm    .   (shield currently unavailable)
rNeg     + + .     Faith    .   a - +1 hat
rPois    .         Spirit   .   d - amulet of magic regeneration
rElec    .         Reflect  .   l - ring of positive energy
rCorr    .         Harm     .   k - ring of wizardry
MR       .....                  n - +1 ring of protection
Stlth    ++........             D - +3 ring of intelligence
HPRegen  0.20/turn              B - ring of Abstinence {rN+ Dex+3}
MPRegen  0.43/turn              (no ring)
                                Q - ring of protection from cold
                                (no ring)

@: confused, lethally poisoned (-2 -> -12), swift (expiring), slowed, slow
A: almost no armour, stealthy swim, amphibious, 8 rings, constrict 8, camouflage
1, gelatinous body 1
a: Renounce Religion


You were on level 11 of the Dungeon.
You worshipped Vehumet.
Vehumet was pleased with you.
You were not hungry.

You visited 2 branches of the dungeon, and saw 14 of its levels.

You collected 561 gold pieces.
You spent 165 gold pieces at shops.

Inventory:

Hand Weapons
 f - a +0 dagger
 g - a +0 spear
 J - a +5 quarterstaff of chaos (weapon)
Armour
 a - a +1 hat (worn)
 z - a +1 buckler of protection
 P - a cursed +0 shield
Jewellery
 d - an amulet of magic regeneration (around mantle)
 k - a ring of wizardry (right tentacle)
 l - a ring of positive energy (left tentacle)
 n - a +1 ring of protection (on tentacle)
 B - the ring of Abstinence (on tentacle) {rN+ Dex+3}
   (You found it on level 7 of the Dungeon)

   [ring of positive energy]

   It affects your dexterity (+3).
   It protects you from negative energy.
 D - a +3 ring of intelligence (on tentacle)
 H - an uncursed ring of fire
 L - a +4 ring of evasion {unknown}
 O - an uncursed ring of positive energy
 Q - a ring of protection from cold (on tentacle)
Wands
 r - a wand of polymorph (13)
 C - a wand of iceblast (10)
 K - a wand of scattershot (7)
 M - a wand of random effects (23)
Scrolls
 i - a scroll of amnesia
 j - a scroll of enchant armour
 m - 7 scrolls of identify
 p - 2 scrolls of magic mapping
 v - 6 scrolls of remove curse
Potions
 o - a potion of mutation {unknown}
 s - 2 potions of cancellation
 t - 2 potions of degeneration {unknown}
 w - a potion of agility {unknown}
 A - a potion of magic {unknown}
 E - a potion of lignification {unknown}
 F - a potion of resistance {unknown}
 N - a potion of flight {unknown}
Books
 b - a book of Minor Magic

   Spells                             Type                      Level
   a - Magic Dart                     Conjuration                  1
   b - Blink                          Translocation                2
   c - Call Imp                       Summoning                    2
   d - Slow                           Hexes                        2
   e - Conjure Flame                  Conjuration/Fire             3
   f - Mephitic Cloud                 Conjuration/Poison/Air       3
 e - a book of Burglary

   Spells                             Type                      Level
   a - Swiftness                      Charms/Air                   2
   b - Passwall                       Transmutation/Earth          2
   c - Passage of Golubria            Translocation                4
   d - Lee's Rapid Deconstruction     Earth                        5
   e - Darkness                       Hexes                        6
   f - Invisibility                   Hexes                        6
 x - a book of Conjurations

   Spells                             Type                      Level
   a - Magic Dart                     Conjuration                  1
   b - Searing Ray                    Conjuration                  2
   c - Dazzling Spray                 Conjuration/Hexes            3
   d - Fulminant Prism                Conjuration/Hexes            4
   e - Force Lance                    Conjuration/Translocation    4
   f - Iskenderun's Mystic Blast      Conjuration                  4
Comestibles
 c - 14 rations


   Skills:
 - Level 4.0 Fighting
 - Level 6.0 Dodging
 - Level 2.6 Stealth
 - Level 4.0 Shields
 + Level 8.0 Spellcasting
 * Level 10.5 Conjurations
 - Level 3.1 Summonings
 - Level 1.0 Translocations


You had 8 spell levels left.
You knew the following spells:

 Your Spells              Type           Power        Failure   Level  Hunger
a - Magic Dart            Conj           ####         1%          1    None
b - Call Imp              Summ           ####....     1%          2    None
c - Blink                 Tloc           N/A          1%          2    None
d - Mephitic Cloud        Conj/Pois/Air  ####....     1%          3    None
e - Swiftness             Chrm/Air       ##......     3%          2    None
f - Dazzling Spray        Conj/Hex       #####.       1%          3    None
g - Iskenderun's Mystic   Conj           ######..     1%          4    ##.....


Dungeon Overview and Level Annotations

Branches:
Dungeon (13/15)            Temple (1/1) D:5            Lair (0/6) D:8
    Orc (0/2) D:9
 Vaults: D:13-14

Altars:
Ashenzari
Cheibriados
Dithmenos
Elyvilon
Fedhas
Gozag
Hepliaklqana
Kikubaaqudgha
Makhleb
Nemelex Xobeh
Okawaru
Qazlal
Ru
Sif Muna
Trog
Uskayaw
Vehumet
Wu Jian
Xom
Yredelemnul
Zin
The Shining One

Shops:
D:6 [!   D:9 [

Annotations:
D:3 Grinder
D:10 4 runed doors


Innate Abilities, Weirdness & Mutations

You cannot wear most types of armour.
You are very stealthy in the water. (Stealth+)
You are amphibious.
You can wear up to eight rings at the same time.
You can use your tentacles to constrict eight enemies at once.
Your skin changes colour to match your surroundings (Stealth+).
Your rubbery body absorbs attacks. (AC +1, EV +1)


Message History

You feel sick.
You feel sick.
You start to feel a little slower.
You feel sick.
The ogre shouts!
The wraith hits you.
* * * LOW HITPOINT WARNING * * *
The wraith drains your vigour!
You feel as though you will be slow longer.
You are confused.
You feel invigorated.
You feel sick.
Your crimson imp blinks!
The wraith hits you.
* * * LOW HITPOINT WARNING * * *
Your iron imp barely misses the wraith.
You feel sick. The wraith hits you!
* * * LOW HITPOINT WARNING * * *
Your crimson imp hits the wraith but does no damage.
Your iron imp barely misses the wraith.
The wraith hits you!
You die...

##.###### #.#
#.####.# #.#
####.#### #.####.#
#.# ###..[....#
#5.....# #.#
#......##.####.######
#.####......#.....#.#
#...y.....?.#..##.#.#
#####......O#.......#
y.....$>...5...#.###
###...#....@W5...#
#...#....#######
#...###..# #...[....#
y.#####... ### #..[#
#..y# #..


You could see a wraith, an ogre, a friendly iron imp and a friendly crimson imp.

Vanquished Creatures
  A hornet (D:8)
  2 hippogriffs (D:10)
  The ghost of Frank the Slasher, an amateur OpFi (D:4)
  A wyvern (D:11)
  3 yaks (D:10)
  4 hogs (D:9)
  A human (D:9)
  A warg (D:7)
  An ice beast (D:7)
  A hornet zombie (D:7)
  4 sky beasts
  A black bear (D:10)
  2 phantoms
  10 ogres
  4 centaurs
  7 bullfrogs
  4 scorpions
  4 killer bees (D:11)
  A howler monkey (D:9)
  2 crimson imps (D:6)
  A bullfrog zombie (D:8)
  2 quasits
  3 hounds
  2 orc priests (D:6)
  2 jellies
  2 orc wizards (D:6)
  2 bullfrog skeletons
  Natasha (thrice) (D:2)
  3 iguanas
  5 worker ants
  3 hound zombies
  A hound skeleton (D:8)
  A howler monkey zombie (D:5)
  6 gnolls
  7 adders
  4 shadow imps
  2 oozes (D:3)
  An adder zombie (D:9)
  3 adder skeletons
  A worm (D:4)
  2 dart slugs (D:2)
  3 leopard geckos
  7 orcs
  4 giant cockroaches
  7 goblins
  5 hobgoblins
  10 jackals
  5 kobolds
  4 quokkas
  3 ball pythons
  5 bats
  7 frilled lizards
  A leopard gecko skeleton (D:5)
  A leopard gecko zombie (D:5)
  10 rats
  A rat (shapeshifter) (D:8)
184 creatures vanquished.

Vanquished Creatures (collateral kills)
  A slime creature (D:10)
  The ghost of Mgcat the Insei, an amateur GnTm (D:3)
  A water moccasin (D:11)
  An ice beast (D:8)
  A sky beast (D:11)
  A necrophage (D:7)
  An ogre (D:4)
  Crazy Yiuf (D:7)
  2 hounds
  An iguana (D:4)
  4 adders
  A shadow imp (D:9)
  A worm (D:3)
  2 orcs
  A giant cockroach (D:5)
  A hobgoblin (D:3)
  2 jackals (D:4)
  A kobold (D:2)
24 creatures vanquished.

Grand Total: 208 creatures vanquished

Notes
Turn   | Place    | Note
-------+----------+-------------------------------------------
     0 | D:1      | Folque the Octopode Wizard began the quest for the Orb.
     0 | D:1      | Reached XP level 1. HP: 11/11 MP: 4/4
   266 | D:1      | Reached skill level 1 in Fighting
   289 | D:1      | Reached XP level 2. HP: 18/18 MP: 6/6
   297 | D:1      | Learned a level 2 spell: Call Imp
   300 | D:1      | Learned a level 2 spell: Blink
   606 | D:2      | Found a basalt altar of Yredelemnul.
   729 | D:2      | Reached XP level 3. HP: 24/24 MP: 3/7
   737 | D:2      | Learned a level 3 spell: Mephitic Cloud
   952 | D:2      | Noticed Natasha
  1013 | D:2      | Killed Natasha
  1013 | D:2      | Reached skill level 2 in Conjurations
  1013 | D:2      | Reached XP level 4. HP: 19/29 MP: 0/9
  1121 | D:2      | Found a hazy altar of Hepliaklqana.
  1284 | D:2      | Noticed Natasha
  1300 | D:2      | Killed Natasha
  1765 | D:2      | Noticed Natasha
  1778 | D:2      | Killed Natasha
  1778 | D:2      | Reached skill level 3 in Conjurations
  1778 | D:2      | Reached XP level 5. HP: 22/34 MP: 7/10
  1793 | D:2      | Noticed an angel
  1794 | D:2      | Found a glowing silver altar of Zin.
  2050 | D:3      | Noticed Mgcat's ghost (amateur GnTm)
  2076 | D:3      | Killed Mgcat's ghost
  2290 | D:3      | Found a white marble altar of Elyvilon.
  2291 | D:3      | Found an opulent altar of Gozag.
  2665 | D:3      | Reached XP level 6. HP: 38/39 MP: 12/12
  2784 | D:3      | Found a basalt altar of Yredelemnul.
  2788 | D:3      | Found a shattered altar of Ashenzari.
  2793 | D:3      | Found a glowing golden altar of the Shining One.
  2833 | D:4      | Noticed Grinder
  2835 | D:4      | Paralysed by Grinder for 4 turns
  2840 | D:4      | Noticed Frank's ghost (amateur OpFi)
  2841 | D:3      | Paralysed by Grinder for 5 turns
  2976 | D:4      | Killed Frank's ghost
  2976 | D:4      | Reached skill level 4 in Conjurations
  3223 | D:4      | Reached skill level 5 in Spellcasting
  3223 | D:4      | Reached XP level 7. HP: 36/45 MP: 7/14
  3789 | D:5      | Entered Level 5 of the Dungeon
  3915 | D:5      | Found a staircase to the Ecumenical Temple.
  4038 | Temple   | Entered the Ecumenical Temple
  4409 | D:5      | Reached skill level 5 in Dodging
  4481 | D:5      | Reached XP level 8. HP: 43/50 MP: 16/16
  4512 | D:5      | Found a shimmering altar of Xom.
  4948 | D:5      | Found a bloodstained altar of Trog.
  5119 | D:6      | Learned a level 2 spell: Swiftness
  5352 | D:6      | Found Wadghuol's Armour Emporium.
  5360 | D:6      | Bought a +1 buckler of protection for 165 gold pieces
  5470 | D:6      | Found Utooll's Distillery.
  5498 | D:6      | Reached skill level 5 in Conjurations
  5700 | Temple   | Became a worshipper of Vehumet
  5762 | D:6      | Reached skill level 1 in Shields
  6083 | D:6      | Reached XP level 9. HP: 42/54 MP: 13/18
  6908 | D:7      | Got a pitted tin ring
  6949 | D:7      | Reached skill level 6 in Conjurations
  7060 | D:7      | Found a runed door.
  7064 | D:7      | Noticed Crazy Yiuf
  7078 | D:7      | Killed Crazy Yiuf
  7293 | D:7      | Reached skill level 7 in Conjurations
  7450 | D:8      | Found a staircase to the Lair.
  7578 | D:8      | Reached * piety under Vehumet
  7578 | D:8      | Offered knowledge of Freeze by Vehumet.
  8085 | D:8      | Found a deep blue altar of Sif Muna.
  8516 | D:8      | Noticed a hornet
  8525 | D:8      | Killed a hornet
  8525 | D:8      | Reached skill level 8 in Conjurations
  8632 | D:9      | Found a blossoming altar of Fedhas.
  8648 | D:9      | Reached XP level 10. HP: 58/63 MP: 9/20
  8859 | D:9      | Found a sacrificial altar of Ru.
  8943 | D:9      | Reached skill level 9 in Conjurations
  9201 | D:9      | Identified the ring of Abstinence {rN+ Dex+3} (You found it on level 7 of the Dungeon)
  9533 | D:9      | Found Ikumaan's Antique Armour Shop.
  9615 | D:9      | Found a staircase to the Orcish Mines.
  9701 | D:10     | Entered Level 10 of the Dungeon
 10082 | D:10     | Found a huge runed gate.
 10082 | D:10     | Found a huge runed gate.
 10082 | D:10     | Found a huge runed gate.
 10082 | D:10     | Found a huge runed gate.
 10086 | D:10     | Reached ** piety under Vehumet
 10093 | D:10     | Offered knowledge of Flame Tongue by Vehumet.
 10175 | D:10     | Reached skill level 10 in Conjurations
 10233 | D:10     | You fall through a shaft for 3 floors!
 10503 | D:13     | Noticed a two-headed ogre
 10594 | D:12     | Noticed a gargoyle
 11000 | D:11     | Learned a level 3 spell: Dazzling Spray
 11005 | D:11     | Learned a level 4 spell: Iskenderun's Mystic Blast
 11167 | D:11     | Slain by a wraith

Skill      XL: |  1  2  3  4  5  6  7  8  9 10 |
---------------+-------------------------------+-----
Fighting       | 1 2 4 |  4.0
Conjurations   | 2 3 4 5 8 10 | 10.5
Spellcasting   | 4 5 6 8 |  8.0
Dodging        | 3 5 6 |  6.0
Summonings     | 3 |  3.1
Shields        | 3 4 |  4.0
Stealth        | |  2.6
Translocations | |  1.0

Action                   |  1- 3 |  4- 6 |  7- 9 | 10-12 || total
-------------------------+-------+-------+-------+-------++-------
Melee: Dagger            |     8 |       |       |       ||     8
       Spear             |    57 |   124 |   217 |       ||   398
       Unarmed           |     4 |       |       |       ||     4
       Tentacles         |     6 |    10 |    22 |    17 ||    55
       Constrict         |    12 |    20 |    47 |    10 ||    89
       Quarterstaff      |       |       |    85 |    87 ||   172
 Cast: Magic Dart        |    11 |    25 |   136 |    59 ||   231
       Call Imp          |     4 |    19 |    41 |    38 ||   102
       Mephitic Cloud    |     1 |     4 |    47 |    22 ||    74
       Blink             |       |     2 |    20 |    25 ||    47
       Swiftness         |       |       |       |     6 ||     6
       Dazzling Spray    |       |       |       |     4 ||     4
       Iskenderun's Myst |       |       |       |     1 ||     1
Evoke: Wand              |       |       |     3 |       ||     3
  Use: Scroll            |     4 |       |     6 |    10 ||    20
       Potion            |     1 |       |     1 |    12 ||    14
 Stab: Sleeping          |    10 |     7 |     7 |     1 ||    25
       Confused          |       |     1 |    19 |     4 ||    24
  Eat: Chunk             |       |     7 |    18 |     5 ||    30
       Ration            |       |       |       |     1 ||     1
Armor: Skin              |     8 |     8 |    20 |    11 ||    47
Dodge: Dodged            |    36 |    50 |   121 |   126 ||   333
Block: Buckler           |       |       |     4 |       ||     4
